 Dungeon Crawl Stone Soup version 0.29-a0-920-g5d2155ec51 (webtiles) character file.

Game seed: 7864992627798679416

7337 2tc the Spear-Bearer (level 10, 0/83 HPs)
             Began as a Minotaur Abyssal Knight on July 27, 2022.
             Was a High Priest of Lugonu.
             Slain by Sonja
             ... wielding a +1 short sword of distortion
              (20 damage)
             ... on level 10 of the Dungeon.
             The game lasted 00:28:12 (10920 turns).

2tc the Spear-Bearer (Minotaur Abyssal Knight)     Turns: 10920, Time: 00:28:13

Health: 0/83       AC:  7    Str: 18    XL:     10   Next: 90%
Magic:  17/17      EV: 12    Int:  8    God:    Lugonu [*****.]
Gold:   678        SH:  7    Dex: 19    Spells: 9/9 levels left

rFire   . . .      SeeInvis .   a - +1 spear (elec)
rCold   + . .      Faith    .   j - +0 buckler
rNeg    + . .      Spirit   .   l - +1 robe "Qifreuja" {rElec rC+ Int-2 Dex+4}
rPois   .          Reflect  .   z - +2 hat {Int+3}
rElec   +          Harm     .   (no cloak)
rCorr   .          Rampage  .   k - +1 pair of gloves
Will    .....                   (no boots)
Stlth   ++........              (no amulet)
HPRegen 0.23/turn               r - +4 ring of slaying
MPRegen 0.15/turn               i - ring of positive energy

@: no status effects
A: horns 2, retaliatory headbutt
a: Renounce Religion, Depart the Abyss, Bend Space, Banish, Corrupt, Enter the
Abyss


You were on level 10 of the Dungeon.
You worshipped Lugonu.
Lugonu was extremely pleased with you.
You visited 2 branches of the dungeon, and saw 11 of its levels.
You visited the Abyss 1 time.

You collected 678 gold pieces.

Inventory:

Hand Weapons
 a - a +1 spear of electrocution (weapon)
 p - a +1 spear of venom
Armour
 j - a +0 buckler (worn)
 k - a +1 pair of gloves (worn)
 l - the +1 robe "Qifreuja" (worn) {rElec rC+ Int-2 Dex+4}
   (You took it off a wight on level 6 of the Dungeon)

   Int:       It affects your intelligence (-2).
   Dex:       It affects your dexterity (+4).
   rC:        It protects you from cold.
   rElec:     It insulates you from electricity.
 m - a +0 ring mail of cold resistance
 z - a +2 hat of intelligence (worn)
Jewellery
 f - a ring of resist corrosion
 i - a ring of positive energy (right hand)
 r - a +4 ring of slaying (left hand)
 x - a ring of see invisible
Wands
 b - a wand of flame (47)
 g - a wand of paralysis (7)
 q - a wand of polymorph (10)
 C - a wand of roots (6)
Scrolls
 c - 3 scrolls of immolation
 h - 2 scrolls of teleportation
 v - 2 scrolls of blinking
 w - a scroll of amnesia
 y - 3 scrolls of identify
 A - a scroll of fear
 B - a scroll of summoning
Potions
 d - 2 potions of curing
 e - 3 potions of lignification
 n - a potion of mutation
 o - a potion of attraction
 s - 2 potions of might
 t - a potion of ambrosia
 u - a potion of cancellation {unknown}
 D - 2 potions of flight
 E - a potion of magic {unknown}


   Skills:
 - Level 6.0 Fighting
 - Level 12.0 Polearms
 - Level 5.0 Armour
 + Level 1.7 Dodging
 - Level 8.0 Shields
 - Level 10.7 Invocations


You had 9 spell levels left.
You didn't know any spells.
Your spell library contained the following spells:

 Spells                   Type           Power      Damage    Failure   Level
 Foxfire                  Conj/Fire      0%         2x1d4     47%         1
 Magic Dart               Conj           0%         1d3       47%         1
 Sandblast                Erth           0%         2d4       47%         1
 Sting                    Tmut/Pois      0%         1d3       47%         1
 Blink                    Tloc           0%         N/A       63%         2
 Call Imp                 Summ           0%         N/A       63%         2
 Passwall                 Tmut/Erth      0%         N/A       63%         2
 Poisonous Vapours        Pois/Air       0%         N/A       63%         2
 Static Discharge         Conj/Air       0%         3-3/arc   63%         2
 Conjure Flame            Conj/Fire      0%         6-21      85%         3
 Gell's Gravitas          Tloc           0%         N/A       85%         3
 Inner Flame              Hex/Fire       0%         N/A       85%         3
 Lesser Beckoning         Tloc           0%         N/A       85%         3
 Mephitic Cloud           Conj/Pois/Air  0%         N/A       85%         3
 Ozocubu's Armour         Ice            0%         N/A       85%         3
 Stone Arrow              Conj/Erth      0%         3d7       85%         3
 Teleport Other           Tloc           0%         N/A       85%         3
 Corpse Rot               Necr/Pois/Air  0%         N/A       99%         4
 Flame Wave               Conj/Fire      0%         2d4       99%         4
 Olgreb's Toxic Radiance  Pois           0%         N/A       99%         4
 Passage of Golubria      Tloc           0%         N/A       99%         4
 Lightning Bolt           Conj/Air       0%         1d11      100%        5
 Manifold Assault         Tloc           0%         N/A       100%        5
 Metabolic Englaciation   Hex/Ice        0%         N/A       100%        5
 Silence                  Hex/Air        0%         N/A       100%        5
 Dispersal                Tloc           0%         N/A       100%        6
 Simulacrum               Ice/Necr       0%         N/A       100%        6
 Lehudib's Crystal Spear  Conj/Erth      0%         10d2      100%        8
 Maxwell's Capacitive Co  Air            0%         ∞         100%        8


Dungeon Overview and Level Annotations

Branches:
Dungeon (10/15)            Temple (1/1) D:7            Lair (0/5) D:8
    Orc (0/2) D:9

Altars:
Ashenzari
Cheibriados
Dithmenos
Elyvilon
Fedhas
Gozag
Hepliaklqana
Kikubaaqudgha
Makhleb
Nemelex Xobeh
Okawaru
Qazlal
Ru
Sif Muna
Trog
Vehumet
Wu Jian
Xom
Yredelemnul
Zin
The Shining One
Lugonu

Shops:
D:5 *

Portals:
Abyss: D:6

Annotations:
D:5 3 runed translucent doors, fly's ghost, amateur DgDe
D:10 Sonja


Innate Abilities, Weirdness & Mutations

You have a pair of horns on your head.
You reflexively headbutt those who attack you in melee.


Message History

Space warps around you. You block Sonja's attack. x2
You completely miss Sonja. You headbutt Sonja.
Sonja is lightly wounded.
You block Sonja's attack.
Sonja hits you with a +1 short sword of distortion.
You blink.
There is an open door here.
You completely miss Sonja.
Sonja is lightly wounded.
You block Sonja's attack.
Sonja hits you with a +1 short sword of distortion.
Space warps around you.
Sonja hits you with a +1 short sword of distortion.
You blink.
You puncture Sonja!
Sonja is heavily wounded.
Sonja hits you with a +1 short sword of distortion.
Space warps horribly around you!!
Sonja hits you with a +1 short sword of distortion.
You blink.
Sonja says, "I'm academy-trained, you know."
Sonja misses you. You furiously retaliate!
You headbutt Sonja.
Sonja hits you with a +1 short sword of distortion.
Space warps around you.
Sonja hits you with a +1 short sword of distortion.
Space warps around you.
You are too injured to fight recklessly!
You feel better. Sonja misses you.
Sonja hits you with a +1 short sword of distortion.
Space warps horribly around you!
* * * LOW HITPOINT WARNING * * *
Sonja hits you but does no damage.
You are too injured to fight recklessly!
You are too injured to fight recklessly!
You miss Sonja.
Sonja is heavily wounded.
Sonja hits you with a +1 short sword of distortion.
* * * LOW HITPOINT WARNING * * *
Space warps horribly around you!!
You die...

#....#
##.'.........#
##+###
###...>....<#
###'#######
#...# ###.#
###†## #....#
#....# #@...#
+.### #K...+
#.....###....#
#...'....#
#####....#
###+##


You could see Sonja.

Vanquished Creatures
  Gastronok (D:9)
  Sigmund (D:5)
  A wraith (D:9)
  12 yaks
  A steam dragon (D:8)
  Edmund (D:5)
  2 water moccasins
  A sky beast (D:7)
  A black bear (D:8)
  2 orc warriors (D:8)
  An ice beast (D:7)
  An ogre (D:6)
  3 phantoms
  3 kobold brigands
  6 bullfrogs
  A scorpion (D:4)
  13 wights
  15 killer bees
  6 howler monkeys
  3 hounds
  A jelly (D:6)
  A gnoll bouda (D:8)
  6 orc priests
  2 iguanas
  10 orc wizards
  5 gnolls (D:8)
  5 adders
  3 shadow imps
  A white imp (D:6)
  2 worms
  A dart slug (D:3)
  25 orcs
  10 ball pythons
  A bat (D:3)
  4 endoplasms
  2 giant cockroaches
  7 hobgoblins
  A jackal (D:5)
  13 kobolds
  3 quokkas (D:1)
  A frilled lizard (D:3)
  8 goblins
  5 rats
192 creatures vanquished.

Vanquished Creatures (others)
  A lurking horror (D:6)
1 creature vanquished.

Grand Total: 193 creatures vanquished

Notes
Turn   | Place    | Note
-------+----------+-------------------------------------------
     0 | Abyss:1  | 2tc the Minotaur Abyssal Knight began the quest for the
                  | Orb.
     0 | Abyss:1  | Reached XP level 1. HP: 19/19 MP: 1/1
     1 | D:1      | Escaped the Abyss
    87 | D:1      | Reached skill level 3 in Polearms
   134 | D:1      | Reached XP level 2. HP: 26/26 MP: 2/2
   247 | D:1      | Found a faded altar of an unknown god.
   394 | D:1      | Reached skill level 4 in Polearms
   957 | D:2      | Reached XP level 3. HP: 31/31 MP: 3/3
  1119 | D:2      | Reached *** piety under Lugonu
  1507 | D:3      | Reached skill level 5 in Polearms
  1680 | D:3      | You fall into a shaft and drop 3 floors!
  1682 | D:6      | Noticed an ogre
  1701 | D:5      | Entered Level 5 of the Dungeon
  1704 | D:5      | Found a snail-covered altar of Cheibriados.
  1728 | D:6      | Killed an ogre
  1729 | D:6      | Reached XP level 4. HP: 24/39 MP: 4/4
  1749 | D:6      | Found a one-way gate to the infinite horrors of the Abyss.
  1750 | D:6      | Found a corrupted altar of Lugonu.
  1795 | D:6      | Reached skill level 6 in Polearms
  1795 | D:6      | Reached XP level 5. HP: 25/45 MP: 5/5
  2443 | D:7      | Reached skill level 7 in Polearms
  2478 | D:7      | Reached XP level 6. HP: 42/51 MP: 6/6
  2654 | D:6      | Reached skill level 8 in Polearms
  2821 | D:5      | Noticed Sigmund
  3076 | D:6      | Reached skill level 9 in Polearms
  3088 | D:6      | Identified the +1 robe "Qifreuja" {rElec rC+ Int-2 Dex+4}
  3105 | D:6      | Reached XP level 7. HP: 41/57 MP: 7/7
  3369 | D:5      | Found Katerao Jiot's Assorted Antiques.
  3392 | D:5      | Identified the +1 ring mail "Zesucwyx" {rF+ Will- rCorr
                  | Slay+3}
  3415 | D:5      | Reached skill level 10 in Polearms
  3523 | D:5      | Killed Sigmund
  3659 | D:5      | Found an ancient bone altar of Kikubaaqudgha.
  3757 | D:5      | Found a blossoming altar of Fedhas.
  3757 | D:5      | Noticed Edmund
  3777 | D:5      | Killed Edmund
  3778 | D:5      | Reached skill level 11 in Polearms
  3778 | D:5      | Reached XP level 8. HP: 31/64 MP: 8/8
  4104 | D:5      | Found a runed translucent gate.
  4104 | D:5      | Found a runed translucent gate.
  4105 | D:5      | Found a runed translucent gate.
  4108 | D:5      | Noticed fly's ghost (amateur DgDe)
  4134 | D:5      | Found a glowing silver altar of Zin.
  4384 | D:4      | Reached skill level 12 in Polearms
  4653 | D:4      | Reached skill level 1 in Shields
  4668 | D:4      | Found a hazy altar of Hepliaklqana.
  5103 | D:3      | Found a burning altar of Makhleb.
  5356 | D:3      | Found an opulent altar of Gozag.
  5865 | D:6      | Reached **** piety under Lugonu
  6153 | D:7      | Reached skill level 5 in Shields
  6420 | D:7      | Found a staircase to the Ecumenical Temple.
  6431 | Temple   | Entered the Ecumenical Temple
  6752 | D:7      | Reached skill level 5 in Invocations
  6752 | D:7      | Reached XP level 9. HP: 48/70 MP: 11/11
  8072 | D:8      | Reached skill level 5 in Armour
  8249 | D:8      | Found a staircase to the Lair.
  8271 | D:8      | Found an iron altar of Okawaru.
  8383 | D:8      | Reached skill level 5 in Fighting
  8627 | D:8      | Found a sacrificial altar of Ru.
  9169 | D:9      | Reached XP level 10. HP: 69/83 MP: 13/13
  9362 | D:9      | Found a staircase to the Orcish Mines.
  9395 | D:9      | Reached ***** piety under Lugonu
  9903 | D:9      | Noticed Gastronok
  9946 | D:9      | Killed Gastronok
  9947 | D:9      | Reached skill level 10 in Invocations
 10769 | D:10     | Entered Level 10 of the Dungeon
 10907 | D:10     | Noticed Sonja
 10920 | D:10     | Slain by Sonja

Illustrated notes

Levels and vault maps discovered:
D:1:      tarquinn_simple_flora_water_c, layout_basic, serial_curves,
          eino_curves_01, eino_curves_02, ebering_ecumenical_altar_rust
D:2:      layout_loops_cross, corexii_shack
D:3:      layout_basic, mainiacjoe_overflow_alcove_2, overflow_temple_1_default
D:4:      layout_cave_pods, nzn_hepliaklqana_mist_gate
D:5:      layout_rooms, amcnicky_altar_gilded, kennysheep_mini,
          mainiacjoe_overflow_tiny_flanked, nicolae_overflow_hidden_temple,
          ebering_ghost_rock_garden, nicolae_stop_n_shop_1,
          kennysheep_generic_room_11, uniq_sigmund, uniq_edmund
D:6:      layout_basic, amcnicky_altar_lugonu_corruption
D:7:      layout_basic, minmay_temple_entry_slanted,
          nicolae_figureground_sparkle
D:8:      layout_basic, lemuel_coloured_pillars_altar, kennysheep_mini_moat,
          lair_entry_dummy, minmay_fractal_squares_gapless_5
D:9:      layout_irregular_city, orc_0_dummy, uniq_gastronok
D:10:     layout_roguey, general_overflow_altar, uniq_grum, uniq_joseph,
          uniq_sonja
Temple:   nicolae_temple_bog_church

Skill      XL: |  1  2  3  4  5  6  7  8  9 10 |
---------------+-------------------------------+-----
Polearms       | 3 4 5 6 7 9 11 12 | 12.0
Shields        | 5 8 |  8.0
Invocations    | 5 6 10 | 10.7
Armour         | 5 |  5.0
Fighting       | 6 |  6.0
Dodging        | |  1.7

Action                   |  1- 3 |  4- 6 |  7- 9 | 10-12 || total
-------------------------+-------+-------+-------+-------++-------
Melee: Spear             |    92 |   112 |   383 |   173 ||   760
       Headbutt          |     9 |    13 |    67 |    33 ||   122
       Punch             |       |     1 |     4 |       ||     5
Invok: Bend Space        |       |     1 |       |       ||     1
  Use: Scroll            |     9 |     1 |     9 |     3 ||    22
       Potion            |     2 |     3 |     3 |     6 ||    14
 Stab: Sleeping          |     1 |       |     5 |     1 ||     7
       Invisible         |     1 |       |       |       ||     1
       Distracted        |       |       |     2 |       ||     2
Armor: Leather armour    |     8 |    11 |       |       ||    19
       Robe              |       |       |    18 |    23 ||    41
Dodge: Dodged            |    25 |    21 |    70 |    40 ||   156
Block: Buckler           |       |       |    28 |    30 ||    58

Table legend: (Time is in decaauts)
 A = Elapsed time spent in this place.
 B = Non-inter-level travel time spent in this place.
 C = Inter-level travel time spent in this place.
 D = Time resting spent in this place.
 E = Time spent auto-exploring this place.
 F = Levels seen in this place.
 G = Mean time per level.
                   A        B        C        D        E       F      G
               +--------+--------+--------+--------+--------+-----+--------+
         Total |  10580 |  10192 |    388 |   1229 |   7654 |  12 |  881.7 |
       Dungeon |  10411 |  10054 |    357 |   1229 |   7528 |  10 | 1041.1 |
        Temple |    168 |    138 |     30 |      0 |    126 |   1 |  168.0 |
         Abyss |      1 |      1 |      0 |      0 |      0 |   1 |    1.0 |
               +--------+--------+--------+--------+--------+-----+--------+

Top non-repeatable levels by time:
     D:9: 1883 daAuts
     D:6: 1598 daAuts
     D:7: 1421 daAuts
     D:8: 1247 daAuts
     D:3: 962 daAuts
     D:5: 892 daAuts
     D:4: 816 daAuts
     D:2: 741 daAuts
     D:1: 704 daAuts
  Temple: 168 daAuts
    D:10: 143 daAuts
 Abyss:1: 1 daAuts
